TOP OF THE 1ST |
Kansas City Kings batting - Pitching for Greenville 84s : LHP Júlio Gracía
|
Pitching: LHP Júlio Gracía
|
|
Batting: SHB Douglas Taylor
|
0-0: Ball 1-0: Called Strike 1-1: Called Strike 1-2: Fly out, F8 (Flyball, 8LD)
|
Batting: RHB Chris Chandler
|
0-0: Ball 1-0: Called Strike 1-1: Ball 2-1: Called Strike 2-2: Strikes out swinging
|
Batting: RHB Toshimichi Kono
|
0-0: Swinging Strike 0-1: Ball 1-1: DOUBLE (Groundball, 5L)
|
Batting: RHB Eduardo García
|
0-0: Ball 1-0: Called Strike 1-1: SINGLE (Groundball, 56D) - runner OUT being hit by batted ball.
|
Top of the 1st over - 0 runs, 2 hits, 0 errors, 1 left on base; Kansas City 0 - Greenville 0 |
BOTTOM OF THE 1ST |
Greenville 84s batting - Pitching for Kansas City Kings : LHP Keith Swanson
|
Pitching: LHP Keith Swanson
|
|
Batting: RHB Patrick Potts
|
0-0: SINGLE (Flyball, 9S)
|
Batting: LHB José Costa
|
0-0: SINGLE (Groundball, 3D) Patrick Potts to second Runner from 2nd tries for 3rd, SAFE, no throw
|
Batting: LHB Brock Larsen
|
Pickoff Throw to First - Error! E1 Patrick Potts scores José Costa to second 0-0: Foul Ball, location: 2F 0-1: Ball 1-1: Called Strike 1-2: Fly out, F9 (Flyball, 9D) Runner from 2nd tags up, SAFE at 3rd, no throw
|
Batting: LHB Juan Cortés
|
0-0: Ball 1-0: Ground out 3-1 (Groundball, 34S) José Costa scores
|
Batting: RHB Robert Buckley
|
0-0: Fly out, F3 (Line Drive, 34)
|
Bottom of the 1st over - 2 runs, 2 hits, 1 error, 0 left on base; Kansas City 0 - Greenville 2 |
TOP OF THE 2ND |
Kansas City Kings batting - Pitching for Greenville 84s : LHP Júlio Gracía
|
Batting: RHB John Anderson
|
0-0: Ball 1-0: Ball 2-0: Ball 3-0: Called Strike 3-1: Ground out 4-3 (Groundball, 4)
|
Batting: RHB Eric Fuller
|
0-0: Ball 1-0: Called Strike 1-1: Ball 2-1: Foul Ball, location: 2F 2-2: Ball 3-2: Foul Ball, location: 2F 3-2: Base on Balls
|
Batting: RHB Oliver Lugo
|
0-0: Fly out, F4 (Popup, 34)
|
Batting: LHB Ron Crawford
|
0-0: Ball 1-0: Fly out, F9 (Flyball, 9)
|
Top of the 2nd over - 0 runs, 0 hits, 0 errors, 1 left on base; Kansas City 0 - Greenville 2 |
BOTTOM OF THE 2ND |
Greenville 84s batting - Pitching for Kansas City Kings : LHP Keith Swanson
|
Batting: RHB Pat Fernández
|
0-0: Ball 1-0: Ball 2-0: Called Strike 2-1: SINGLE (Line Drive, 78S)
|
Batting: RHB Casey Fox
|
0-0: Ball 1-0: Fly out, F9 (Flyball, 9S)
|
Batting: LHB Jimmy Vickers
|
0-0: Ball 1-0: Ball 2-0: Fly out, F8 (Flyball, 8LS)
|
Batting: RHB Ramiro Chávez
|
0-0: Called Strike 0-1: Ball 1-1: Ball 2-1: Fly out, F7 (Flyball, 78D)
|
Bottom of the 2nd over - 0 runs, 1 hit, 0 errors, 1 left on base; Kansas City 0 - Greenville 2 |
TOP OF THE 3RD |
Kansas City Kings batting - Pitching for Greenville 84s : LHP Júlio Gracía
|
Batting: RHB Dennis Garner
|
0-0: Foul Ball, location: 2F 0-1: Ground out 4-3 (Groundball, 4)
|
Batting: SHB Douglas Taylor
|
0-0: Called Strike 0-1: Ground out 5-3 (Groundball, 56)
|
Batting: RHB Chris Chandler
|
0-0: Foul Ball, location: 2F 0-1: Ball 1-1: Ball 2-1: Foul Ball, location: 2F 2-2: Foul Ball, location: 2F 2-2: Foul Ball, location: 2F 2-2: Foul Ball, location: 2F 2-2: Ball 3-2: SINGLE (Line Drive, 89S)
|
Batting: RHB Toshimichi Kono
|
0-0: Called Strike 0-1: Ball 1-1: Foul Ball, location: 2F 1-2: Ground out 6-3 (Groundball, 56)
|
Top of the 3rd over - 0 runs, 1 hit, 0 errors, 1 left on base; Kansas City 0 - Greenville 2 |
BOTTOM OF THE 3RD |
Greenville 84s batting - Pitching for Kansas City Kings : LHP Keith Swanson
|
Batting: RHB Patrick Potts
|
0-0: Called Strike 0-1: Ball 1-1: Ball 2-1: Ball 3-1: Foul Ball, location: 2F 3-2: Base on Balls
|
Batting: LHB José Costa
|
0-0: Ball 1-0: Foul Ball, location: 2F 1-1: Ball 2-1: Grounds into double play, 4-6-3 (Groundball, 34)
|
Batting: LHB Brock Larsen
|
0-0: Fly out, F6 (Line Drive, 6M)
|
Bottom of the 3rd over - 0 runs, 0 hits, 0 errors, 0 left on base; Kansas City 0 - Greenville 2 |
TOP OF THE 4TH |
Kansas City Kings batting - Pitching for Greenville 84s : LHP Júlio Gracía
|
Batting: RHB Eduardo García
|
0-0: Called Strike 0-1: Foul Ball, location: 2F 0-2: Ball 1-2: Ground out 5-3 (Groundball, 56)
|
Batting: RHB John Anderson
|
0-0: Called Strike 0-1: Foul Ball, location: 2F 0-2: Ball 1-2: Strikes out swinging
|
Batting: RHB Eric Fuller
|
0-0: Ground out 4-3 (Groundball, 4)
|
Top of the 4th over - 0 runs, 0 hits, 0 errors, 0 left on base; Kansas City 0 - Greenville 2 |
BOTTOM OF THE 4TH |
Greenville 84s batting - Pitching for Kansas City Kings : LHP Keith Swanson
|
Batting: LHB Juan Cortés
|
0-0: Called Strike 0-1: Ball 1-1: Called Strike 1-2: Ball 2-2: Foul Ball, location: 2F 2-2: Fly out, F9 (Flyball, 89D)
|
Batting: RHB Robert Buckley
|
0-0: Called Strike 0-1: Called Strike 0-2: Strikes out looking
|
Batting: RHB Pat Fernández
|
0-0: Called Strike 0-1: Ground out 5-3 (Groundball, 56)
|
Bottom of the 4th over - 0 runs, 0 hits, 0 errors, 0 left on base; Kansas City 0 - Greenville 2 |
TOP OF THE 5TH |
Kansas City Kings batting - Pitching for Greenville 84s : LHP Júlio Gracía
|
Batting: RHB Oliver Lugo
|
0-0: Ball 1-0: Swinging Strike 1-1: Swinging Strike 1-2: Foul Ball, location: 2F 1-2: Ball 2-2: Strikes out swinging
|
Batting: LHB Ron Crawford
|
0-0: Ball 1-0: Ground out 6-3 (Groundball, 6)
|
Batting: RHB Dennis Garner
|
0-0: Fly out, F8 (Flyball, 89D)
|
Top of the 5th over - 0 runs, 0 hits, 0 errors, 0 left on base; Kansas City 0 - Greenville 2 |
BOTTOM OF THE 5TH |
Greenville 84s batting - Pitching for Kansas City Kings : LHP Keith Swanson
|
Batting: RHB Casey Fox
|
0-0: Ground out 5-3 (Groundball, 5L)
|
Batting: LHB Jimmy Vickers
|
0-0: Foul Ball, location: 2F 0-1: Ball 1-1: Ball 2-1: SINGLE (Line Drive, 7S)
|
Batting: RHB Ramiro Chávez
|
0-0: 2-RUN HOME RUN (Line Drive, 9D), Distance : 357 ft
|
Batting: RHB Patrick Potts
|
0-0: Called Strike 0-1: Swinging Strike 0-2: Ball 1-2: Ground out U3 (Groundball, 34)
|
Batting: LHB José Costa
|
0-0: Called Strike 0-1: Called Strike 0-2: Strikes out looking
|
Bottom of the 5th over - 2 runs, 2 hits, 0 errors, 0 left on base; Kansas City 0 - Greenville 4 |
TOP OF THE 6TH |
Kansas City Kings batting - Pitching for Greenville 84s : LHP Júlio Gracía
|
Batting: SHB Douglas Taylor
|
0-0: Foul Ball, location: 2F 0-1: Ball 1-1: Called Strike 1-2: Foul Ball, location: 2F 1-2: Fly out, F7 (Flyball, 78M)
|
Batting: RHB Chris Chandler
|
0-0: Ball 1-0: Swinging Strike 1-1: Ball 2-1: DOUBLE (Line Drive, 89XD)
|
Batting: RHB Toshimichi Kono
|
0-0: Called Strike 0-1: Foul Ball, location: 2F 0-2: Ball 1-2: Foul Ball, location: 2F 1-2: Foul Ball, location: 2F 1-2: Strikes out swinging
|
Batting: RHB Eduardo García
|
0-0: Called Strike 0-1: Ball 1-1: Ball Wild Pitch! Chris Chandler to third 2-1: Ball Steal of home, Chris Chandler is out
|
Top of the 6th over - 0 runs, 1 hit, 0 errors, 0 left on base; Kansas City 0 - Greenville 4 |
BOTTOM OF THE 6TH |
Greenville 84s batting - Pitching for Kansas City Kings : LHP Keith Swanson
|
Pitching: LHP Rob Lucas
|
|
Batting: LHB Brock Larsen
|
0-0: Ball 1-0: Called Strike 1-1: Ball 2-1: Swinging Strike 2-2: SINGLE (Line Drive, 7S)
|
Batting: LHB Juan Cortés
|
0-0: Called Strike 0-1: Ball 1-1: Ball 2-1: Called Strike 2-2: Foul Ball, location: 2F 2-2: Ball 3-2: Base on Balls Brock Larsen to second
|
Batting: RHB Robert Buckley
|
0-0: Ball 1-0: Ball 2-0: Ball 3-0: Called Strike 3-1: Base on Balls Brock Larsen to third Juan Cortés to second
|
Batting: RHB Pat Fernández
|
0-0: Grounds into fielders choice 1-2 (Groundball, P) Juan Cortés to third Robert Buckley to second
|
Batting: RHB Casey Fox
|
0-0: Grounds into fielders choice 3-2 (Groundball, 3S) Robert Buckley to third Pat Fernández to second
|
Batting: LHB Jimmy Vickers
|
0-0: GRAND SLAM HOME RUN (Flyball, 9LD), Distance : 330 ft
|
Batting: RHB Ramiro Chávez
|
0-0: Ball 1-0: Swinging Strike 1-1: Ball 2-1: SINGLE (Groundball, 4MD)
|
Batting: RHB Patrick Potts
|
0-0: Ball 1-0: Ball 2-0: Called Strike 2-1: Foul Ball, location: 2F 2-2: SINGLE (Groundball, 6MD) Ramiro Chávez to second Runner from 2nd tries for 3rd, SAFE, no throw
|
Batting: LHB José Costa
|
0-0: 3-RUN HOME RUN (Flyball, 9D), Distance : 336 ft
|
Batting: LHB Brock Larsen
|
0-0: SOLO HOME RUN (Flyball, 78XD), Distance : 389 ft
|
Batting: LHB Juan Cortés
|
0-0: Swinging Strike 0-1: Ball 1-1: Ball 2-1: Ball 3-1: SINGLE (Groundball, 4D)
|
Batting: RHB Robert Buckley
|
0-0: Ball 1-0: Called Strike 1-1: Foul Ball, location: 2F 1-2: Foul Ball, location: 2F 1-2: Ball 2-2: 2-RUN HOME RUN (Flyball, 78XD), Distance : 431 ft
|
Batting: RHB Pat Fernández
|
0-0: Ball 1-0: Swinging Strike 1-1: Ball 2-1: SOLO HOME RUN (Line Drive, 78XD), Distance : 401 ft
|
Batting: RHB Casey Fox
|
0-0: Foul Ball, location: 2F 0-1: SINGLE (Groundball, 56D)
|
Batting: LHB Jimmy Vickers
|
0-0: Ball 1-0: Called Strike 1-1: Ball 2-1: Called Strike 2-2: Strikes out swinging
|
Bottom of the 6th over - 11 runs, 10 hits, 0 errors, 1 left on base; Kansas City 0 - Greenville 15 |
TOP OF THE 7TH |
Kansas City Kings batting - Pitching for Greenville 84s : LHP Júlio Gracía
|
Batting: RHB Eduardo García
|
0-0: Ball 1-0: SOLO HOME RUN (Flyball, 9LD), Distance : 323 ft
|
Batting: RHB John Anderson
|
0-0: SINGLE (Line Drive, 89M)
|
Batting: RHB Eric Fuller
|
0-0: Fly out, F7 (Flyball, 7S)
|
Batting: RHB Oliver Lugo
|
0-0: Ball 1-0: Called Strike 1-1: Foul Ball, location: 2F 1-2: Strikes out swinging
|
Batting: LHB Ron Crawford
|
0-0: Foul Ball, location: 2F 0-1: Ball 1-1: SINGLE (Line Drive, 4) John Anderson to second Runner from 2nd tries for 3rd, SAFE, no throw
|
Batting: RHB Dennis Garner
|
0-0: Ball 1-0: Ball 2-0: Called Strike 2-1: Swinging Strike 2-2: Ball 3-2: Foul Ball, location: 2F 3-2: Ground out 3-1 (Groundball, 34)
|
Top of the 7th over - 1 run, 3 hits, 0 errors, 2 left on base; Kansas City 1 - Greenville 15 |
BOTTOM OF THE 7TH |
Greenville 84s batting - Pitching for Kansas City Kings : LHP Rob Lucas
|
Pitching: RHP Brian Hull
|
|
Batting: RHB Ramiro Chávez
|
0-0: Foul Ball, location: 2F 0-1: Swinging Strike 0-2: Foul Ball, location: 2F 0-2: Strikes out looking
|
Batting: RHB Patrick Potts
|
0-0: Called Strike 0-1: Ball 1-1: Foul Ball, location: 2F 1-2: Ball 2-2: Foul Ball, location: 2F 2-2: Ball 3-2: SINGLE (Groundball, 34D)
|
Batting: LHB José Costa
|
0-0: Ball 1-0: Ball 2-0: 2-RUN HOME RUN (Flyball, 7D), Distance : 358 ft
|
Batting: LHB Brock Larsen
|
0-0: Ball 1-0: Called Strike 1-1: Fly out, F7 (Flyball, 78M)
|
Batting: LHB Juan Cortés
|
0-0: Ball 1-0: Swinging Strike 1-1: Swinging Strike 1-2: Strikes out swinging
|
Bottom of the 7th over - 2 runs, 2 hits, 0 errors, 0 left on base; Kansas City 1 - Greenville 17 |
TOP OF THE 8TH |
Kansas City Kings batting - Pitching for Greenville 84s : LHP Júlio Gracía
|
Pitching: LHP Rob Price
|
|
Batting: SHB Douglas Taylor
|
0-0: Ball 1-0: Ball 2-0: Called Strike 2-1: Swinging Strike 2-2: Foul Ball, location: 2F 2-2: Strikes out looking
|
Batting: RHB Chris Chandler
|
0-0: Fly out, F8 (Flyball, 78XD)
|
Batting: RHB Toshimichi Kono
|
0-0: Fly out, F9 (Flyball, 9LSF)
|
Top of the 8th over - 0 runs, 0 hits, 0 errors, 0 left on base; Kansas City 1 - Greenville 17 |
BOTTOM OF THE 8TH |
Greenville 84s batting - Pitching for Kansas City Kings : RHP Brian Hull
|
Batting: RHB Robert Buckley
|
0-0: Ball 1-0: Ball 2-0: Ball 3-0: Called Strike 3-1: Foul Ball, location: 2F 3-2: Foul Ball, location: 2F 3-2: Strikes out looking
|
Batting: RHB Pat Fernández
|
0-0: Ground out 6-3 (Groundball, 6)
|
Batting: RHB Casey Fox
|
0-0: Foul Ball, location: 2F 0-1: Foul Ball, location: 2F 0-2: Foul Ball, location: 2F 0-2: Ground out 4-3 (Groundball, 34)
|
Bottom of the 8th over - 0 runs, 0 hits, 0 errors, 0 left on base; Kansas City 1 - Greenville 17 |
TOP OF THE 9TH |
Kansas City Kings batting - Pitching for Greenville 84s : LHP Rob Price
|
Batting: RHB Eduardo García
|
0-0: Swinging Strike 0-1: Called Strike 0-2: Ball 1-2: Hit by Pitch
|
Pinch Hitting: RHB Dave Parker
|
0-0: Grounds into double play, 4-6-3 (Groundball, 34)
|
Batting: RHB Eric Fuller
|
0-0: Called Strike 0-1: Ball 1-1: SINGLE (Flyball, 9LS) - OUT at second base trying to stretch hit.
|
Top of the 9th over - 0 runs, 1 hit, 0 errors, 0 left on base; Kansas City 1 - Greenville 17 |
|